Cogmind - Beta 12 @@@ ROGUE MODE // 2023.11.02 @ 14:01:49 Player: VraethrDalkr Result: Destroyed by Z-Imprinter with Zionite Laser-M Performance ------------- Evolutions (1) 500 Regions Visited (5) 1000 Robots Destroyed (33) 165 Value Destroyed (539) 539 Prototype IDs (2) 40 Alien Tech Used (0) 0 Bonus (600) 600 TOTAL SCORE: 2844 Bonus ------- Met Imprinter 300 Was Imprinted 300 Cogmind --------- Core Integrity 0/400 Matter 15/300 Energy 88/100 System Corruption 0% Temperature Cool (33) Movement Hovering (60) Location -7/Deep Caves Parts ------- > --- POWER (2) -------- (None) > --- PROPULSION (2) --- Hover Unit > --- UTILITY (3) ------ Visual Processing Unit > --- WEAPON (2) ------- Makeshift Laser > --- INVENTORY (5) ---- Improved Deuterium Engine Makeshift Flight Unit Makeshift Hacking Suite Hacking Drone Bay (1/1) CR-A16's Pointy Stick Peak State ------------ > --- POWER ------------ Makeshift Power Source > --- PROPULSION ------- Flight Unit Flight Unit > --- UTILITY ---------- Visual Processing Unit Seismic Detector Phasing AFG > --- WEAPON ----------- Mini Grenade Launcher > --- INVENTORY -------- Makeshift Flight Unit Makeshift Hacking Suite Hacking Drone Bay Makeshift Laser CR-A16's Pointy Stick [Rating: 26] Favorites ----------- Power Light Ion Engine Engine Light Ion Engine Power Core Light Nuclear Core Propulsion Flight Unit Wheel Wheel Hover Unit Hover Unit Flight Unit Flight Unit Utility Seismic Detector Device Seismic Detector Storage Small Storage Unit Processor Visual Processing Unit Protection Core Shielding Weapon Mini Grenade Launcher Energy Gun Small Laser Energy Cannon Beam Cannon Ballistic Gun Light Assault Rifle Ballistic Cannon Light Cannon Launcher Mini Grenade Launcher Special Weapon Mining Laser Build | -11 -10 -9 -9 -7 -7 ------- Run | Jun Mat Mat Min Zio Dee Slots Evolved 2 | . . 2 . . . Power 1 | . . 1 . . . Propulsion . | . . . . . . Utility 1 | . . 1 . . . Weapon . | . . . . . . Parts Attached 60 | 16 26 13 . 2 3 Power 10 | 4 5 . . 1 . Engine 8 | 4 3 . . 1 . Core 2 | . 2 . . . . Reactor . | . . . . . . Propulsion 18 | 7 6 4 . . 1 Treads . | . . . . . . Leg . | . . . . . . Wheel 13 | 7 6 . . . . Hover 1 | . . . . . 1 Flight 4 | . . 4 . . . Utility 16 | 2 8 4 . 1 1 Device 8 | 1 4 1 . 1 1 Storage 2 | 1 1 . . . . Processor 1 | . . 1 . . . Hackware . | . . . . . . Protection 5 | . 3 2 . . . Artifact . | . . . . . . Weapon 16 | 3 7 5 . . 1 Energy Gun 4 | 1 2 . . . 1 Energy Cannon 1 | . 1 . . . . Ballistic Gun 4 | 2 2 . . . . Ballistic Cannon 1 | . 1 . . . . Launcher 5 | . . 5 . . . Special Weapon 1 | . 1 . . . . Impact Weapon . | . . . . . . Slashing Weapon . | . . . . . . Piercing Weapon . | . . . . . . Special Melee Weapon . | . . . . . . Unidentified Prototypes 2 | . . . . 1 1 Parts Lost 17 | . 7 5 . . 5 Power 3 | . 1 1 . . 1 Propulsion 6 | . 3 1 . . 2 Utility 2 | . . 1 . . 1 Weapon 6 | . 3 2 . . 1 Highest Loss Streak 7 | . 7 5 . . 5 To Critical Strikes . | . . . . . . Average Slot Usage (%) 75 | . 94 72 . 62 68 Engine 8 | . 8 9 . 7 11 Core 1 | . 4 . . . . Wheel 8 | . 25 . . . . Flight 14 | . . 20 . 22 19 Device 10 | . 3 19 . 11 12 Storage 4 | . 14 . . . . Processor 6 | . . 6 . 11 11 Protection 3 | . 10 1 . . . Energy Gun 4 | . 5 9 . . 4 Energy Cannon 2 | . 8 . . . . Ballistic Gun 2 | . 8 . . . . Ballistic Cannon 1 | . 5 . . . . Launcher 5 | . . 2 . 11 10 Naked Turns . | . . . . . . Heaviest Build 17 | 13 17 10 2 6 8 Greatest Support 26 | 26 20 8 8 8 8 Greatest Overweight (x) 4 | 1 4 3 . . 1 Average Overweight (x) . | . . . . . . Largest Inventory Capacity 8 | 8 8 8 5 5 5 Average Capacity 6 | 7 8 5 5 5 5 Most Carried 8 | 8 8 7 3 5 5 Average Carried 5 | 5 7 4 3 4 4 Final Capacity 8 | 8 8 5 5 5 5 Final Carried 8 | 8 8 3 3 5 5 Class Distribution -------------------- 84% | Scavenger-Mutant 15% | Mutant Dominant Class ---------------- Scavenger-Mutant | -10/Materials Scavenger-Mutant | -9/Materials Scavenger-Mutant | -9/Mines Scavenger-Mutant | -7/Zion Scavenger-Mutant | -7/Deep Caves Resources | -11 -10 -9 -9 -7 -7 ----------- Run | Jun Mat Mat Min Zio Dee Matter Collected 742 | 387 270 18 . 18 49 Remotely . | . . . . . . Salvage Created 701 | 246 344 111 . . . Parts 67 | 17 24 26 . . . Haulers Intercepted . | . . . . . . Recyclers Shooed 1 | . 1 . . . . Parts Field Recycled . | . . . . . . Retrieved Matter . | . . . . . . Parts Self-Destructed 5 | . . . . 5 . Prevented . | . . . . . . Kills | -11 -10 -9 -9 -7 -7 ------- Run | Jun Mat Mat Min Zio Dee Combat Hostiles Destroyed 19 | . 10 9 . . . Guns 3 | . 3 . . . . Cannons 7 | . 7 . . . . AOE 9 | . . 9 . . . Classes Destroyed 7 | 3 2 2 . . . Worker 3 | 2 . 1 . . . Builder 2 | . . 2 . . . Tunneler 6 | 6 . . . . . Recycler 2 | 1 1 . . . . Watcher 1 | . . 1 . . . Swarmer 9 | . 3 6 . . . Grunt 10 | . 7 3 . . . Best Kill Streak 6 | 3 4 6 . . . Combat Bots Only 4 | . 4 4 . . . Max Kills in Single Turn 2 | 1 1 2 . . . Gunslinging . | . . . . . . Exploded 2 | . . 2 . . . Melee . | . . . . . . Uniques/NPCs Destroyed . | . . . . . . Combat | -11 -10 -9 -9 -7 -7 -------- Run | Jun Mat Mat Min Zio Dee Damage Taken 1646 | . 777 343 . . 526 Core 575 | . 156 116 . . 303 Absorbed by Shields . | . . . . . . Redirected to Shielding 50 | . 31 19 . . . Core Remaining (%) 68 | 100 37 . . . . Volleys Fired 89 | 27 45 13 . . 4 Largest 2 | 2 2 2 . . 2 Hottest 160 | 60 160 95 . . 80 Shots Fired 173 | 54 88 24 . . 7 Gun 116 | 54 47 11 . . 4 Cannon 39 | . 39 . . . . Launcher 16 | . . 13 . . 3 Special 2 | . 2 . . . . Kinetic 70 | 27 43 . . . . Thermal 87 | 27 45 11 . . 4 Explosive 16 | . . 13 . . 3 Electromagnetic . | . . . . . . Robot Hit Streak 18 | 7 18 5 . . 3 Robot Miss Streak 7 | 3 7 2 . . 3 Penetration Max . | . . . . . . Secondary Targets . | . . . . . . Shots Hit Robots 98 | 33 50 12 . . 3 Core Hits 52 | 13 19 16 . . 4 Critical Kills . | . . . . . . Critical Parts Destroyed . | . . . . . . Critical Strikes . | . . . . . . Melee Attacks . | . . . . . . Impact . | . . . . . . Slashing . | . . . . . . Piercing . | . . . . . . Sneak Attacks . | . . . . . . Combat Hostiles . | . . . . . . Follow-up Attacks . | . . . . . . Damage Inflicted 1999 | 326 667 863 . . 143 Guns 756 | 326 323 89 . . 18 Cannons 336 | . 336 . . . . Explosions 899 | . . 774 . . 125 Melee . | . . . . . . Ramming 8 | . 8 . . . . Kinetic 416 | 138 278 . . . . Thermal 676 | 188 381 89 . . 18 Explosive 899 | . . 774 . . 125 Electromagnetic . | . . . . . . Impact . | . . . . . . Slashing . | . . . . . . Piercing . | . . . . . . Highest Corruption 2 | . 2 . . . . Average Corruption 2 | . 2 . . . . Corruption Purged . | . . . . . . Corruption Blocked . | . . . . . . Effects 4 | . 4 . . . . Heat Flow Errors 1 | . 1 . . . . Parts Rejected 1 | . 1 . . . . Data Loss (minor) 1 | . 1 . . . . Weapon Failures 1 | . 1 . . . . Overload Shots . | . . . . . . Overflow Damage 1 | . . 1 . . . Projectiles . | . . . . . . Explosions 1 | . . 1 . . . Melee . | . . . . . . Knockbacks . | . . . . . . Impact . | . . . . . . Kinetic . | . . . . . . Secondary . | . . . . . . Self-Inflicted Damage 3 | . 3 . . . . Shots . | . . . . . . Rammed 3 | . 3 . . . . Targets Rammed 3 | . 3 . . . . Kicked . | . . . . . . Crushed . | . . . . . . Highest Temperature 421 | 40 421 126 . . 171 Average Temperature 94 | 18 132 42 . . 93 Received Heat Transfer 555 | . 324 87 . . 144 Effects 4 | . 4 . . . . Shutdowns 1 | . 1 . . . . Matter Decay 1 | . 1 . . . . Damage (major) 2 | . 2 . . . . Siege Activations . | . . . . . . Robots Corrupted . | . . . . . . Combat Hostiles . | . . . . . . Parts Fried . | . . . . . . Impact Corruptions . | . . . . . . Robots Melted . | . . . . . . Combat Hostiles . | . . . . . . Parts Melted 1 | . 1 . . . . Heat Transferred 1500 | 425 844 222 . . 9 Parts Sabotaged . | . . . . . . Parts Stolen . | . . . . . . Parts Stripped . | . . . . . . Power Chain Reactions . | . . . . . . Missiles Intercepted . | . . . . . . Alert | -11 -10 -9 -9 -7 -7 ------- Run | Jun Mat Mat Min Zio Dee Peak Influence 261 | 45 169 261 32 . . Initial 40 | . 29 40 32 . . Average 82 | 19 101 96 32 . . Maximum Alert Level 1 | . . 1 . . . Low Security (%) 97 | 100 100 93 100 . . Level 1 2 | . . 6 . . . Level 2 . | . . . . . . Level 3 . | . . . . . . Level 4 . | . . . . . . Level 5 . | . . . . . . High Security . | . . . . . . Max Security . | . . . . . . Squads Dispatched 4 | . 3 1 . . . Investigation . | . . . . . . Extermination . | . . . . . . Reinforcement 4 | . 3 1 . . . Assault . | . . . . . . Garrison . | . . . . . . Intercept . | . . . . . . Searches Triggered . | . . . . . . Construction Impeded 1 | . . 1 . . . Haulers Reinforced . | . . . . . . Active Scanning Responses . | . . . . . . Cargo Convoy Interrupts . | . . . . . . Stealth | -11 -10 -9 -9 -7 -7 --------- Run | Jun Mat Mat Min Zio Dee Distress Signals 1 | . . 1 . . . Communications Jammed . | . . . . . . Distress Signals . | . . . . . . Times Spotted 39 | . 16 18 . . 5 Peak Tracking Total 6 | . 6 6 . . 3 Tactical Retreats . | . . . . . . Traps | -11 -10 -9 -9 -7 -7 ------- Run | Jun Mat Mat Min Zio Dee Traps Triggered . | . . . . . . Indirectly . | . . . . . . Trap Hack Attempts . | . . . . . . Triggered . | . . . . . . Disarmed . | . . . . . . Reprogrammed . | . . . . . . Reused . | . . . . . . Traps Extracted . | . . . . . . Installed . | . . . . . . Triggered . | . . . . . . Machines | -11 -10 -9 -9 -7 -7 ---------- Run | Jun Mat Mat Min Zio Dee Machines Disabled 1 | . . . . . 1 Max in Single Turn . | . . . . . . Machines Repaired . | . . . . . . Machines Sabotaged . | . . . . . . Overloaded Fab Kills . | . . . . . . Hacking | -11 -10 -9 -9 -7 -7 --------- Run | Jun Mat Mat Min Zio Dee Machines Accessed 6 | . 5 1 . . . Terminals 4 | . 3 1 . . . Fabricators . | . . . . . . Repair Stations . | . . . . . . Recycling Units 2 | . 2 . . . . Scanalyzers . | . . . . . . Garrison Access . | . . . . . . Total Hacks 12 | . 10 2 . . . Successful 7 | . 6 1 . . . Failed 5 | . 4 1 . . . Catastrophic . | . . . . . . Database Lockouts . | . . . . . . Manual 9 | . . . . 9 . Terminals 9 | . 7 2 . . . Fabricators . | . . . . . . Repair Stations . | . . . . . . Recycling Units 3 | . 3 . . . . Scanalyzers . | . . . . . . Garrison Access . | . . . . . . Terminal Hacks 4 | . 3 1 . . . Emergency Access Points 2 | . 2 . . . . Locate Traps 2 | . 1 1 . . . Fabricator Hacks . | . . . . . . Repair Station Hacks . | . . . . . . Recycling Unit Hacks 3 | . 3 . . . . Report Inventory 1 | . 1 . . . . Retrieve Components 2 | . 2 . . . . Scanalyzer . | . . . . . . Garrison Access Hacks . | . . . . . . Unauthorized Hacks . | . . . . . . Terminals . | . . . . . . Fabricators . | . . . . . . Repair Stations . | . . . . . . Recycling Units . | . . . . . . Scanalyzers . | . . . . . . Garrison Access . | . . . . . . Data Cores Recovered . | . . . . . . Used . | . . . . . . Hacking Detections 4 | . 3 1 . . . Full Trace Events . | . . . . . . Feedback Events . | . . . . . . Feedback Blocked . | . . . . . . Robot Schematics Acquired . | . . . . . . Robots Built . | . . . . . . Authchips . | . . . . . . Time . | . . . . . . Total Robot Build Rating . | . . . . . . Part Schematics Acquired . | . . . . . . Parts Built . | . . . . . . Authchips . | . . . . . . Time . | . . . . . . Total Part Build Rating . | . . . . . . Parts Repaired . | . . . . . . Time . | . . . . . . Parts Recycled . | . . . . . . Recycled Matter . | . . . . . . Retrieved Matter . | . . . . . . Retrieved Components 12 | . 12 . . . . Parts Scanalyzed . | . . . . . . Part Schematics Acquired . | . . . . . . Parts Damaged . | . . . . . . Bothacking | -11 -10 -9 -9 -7 -7 ------------ Run | Jun Mat Mat Min Zio Dee Used RIF Installer . | . . . . . . Robots Hacked . | . . . . . . Non-combat . | . . . . . . Combat . | . . . . . . Robot Hacks Applied . | . . . . . . Relay Couplers Released . | . . . . . . Fabnet Peak Effective % . | . . . . . . Robots Rewired . | . . . . . . Allies Hacked . | . . . . . . Hacks Repelled . | . . . . . . Allies | -11 -10 -9 -9 -7 -7 -------- Run | Jun Mat Mat Min Zio Dee Total Allies 8 | . . . . 8 . Largest Group 8 | . . . . 8 8 Highest-Rated Group 263 | . . . . 263 263 Highest-Rated Ally 41 | . . . . 41 41 Total Orders . | . . . . . . Ally Attacks 38 | . . . . . 38 Total Damage 945 | . . . . . 945 Kills 8 | . . . . . 8 Allies Corrupted . | . . . . . . Allies Melted . | . . . . . . Intel | -11 -10 -9 -9 -7 -7 ------- Run | Jun Mat Mat Min Zio Dee Robot Analysis Total . | . . . . . . Derelict Logs Recovered 2 | . . . . 2 . Drone Launches . | . . . . . . Drone Recoveries . | . . . . . . Exploration | -11 -10 -9 -9 -7 -7 ------------- Run | Jun Mat Mat Min Zio Dee Turns Passed 2165 | 279 617 444 3 650 172 Spaces Moved 2297 | 194 425 264 3 1096 315 Core 76 | 1 11 55 . . 9 Treads . | . . . . . . Legs . | . . . . . . Wheels 607 | 193 414 . . . . Hover 1 | . . . . . 1 Flight 1613 | . . 209 3 1096 305 Fastest Speed 37 | 50 80 37 37 37 37 Average Speed 51 | 86 84 46 37 37 37 Slowest Speed 250 | 95 250 200 37 37 100 Overloaded Moves . | . . . . . . Propulsion Burnouts . | . . . . . . Robots Hopped . | . . . . . . Cave-ins Triggered . | . . . . . . Exploration Rate (%) 35 | 10 51 21 6 93 34 Regions Visited 5 Branch Regions 3 Pre-discovered Areas 1 | . . . . 1 . Known Exits Taken . | . . . . . . Unknown Exits Taken 5 | 1 1 1 1 1 . Scrap Searched 1 | . . . . 1 . Spaces Dug . | . . . . . . Terrain Destroyed 66 | . 2 64 . . . Melee . | . . . . . . Projectile 2 | . 2 . . . . AOE 64 | . . 64 . . . Terrain Rammed . | . . . . . . Walls Destroyed . | . . . . . . Machines Disabled . | . . . . . . Actions | -11 -10 -9 -9 -7 -7 --------- Run | Jun Mat Mat Min Zio Dee Total 3123 | 257 598 563 4 1341 360 Wait 600 | . 69 259 2 234 36 Move 2292 | 193 424 263 2 1095 315 Hop . | . . . . . . Pick Up 34 | 11 12 4 . 6 1 Fast Attach 20 | 9 8 1 . 1 1 Attach 15 | . 4 8 . 1 2 Detach 6 | . 1 4 . . 1 Swap 25 | 7 14 4 . . . Drop 39 | 10 18 7 . 4 . Fire 89 | 27 45 13 . . 4 Melee . | . . . . . . Ram 3 | . 3 . . . . Kick . | . . . . . . Crush . | . . . . . . Escape Stasis . | . . . . . . Rewire . | . . . . . . Trap . | . . . . . . Miscellaneous . | . . . . . . Route ------- -11/Junkyard -10/Materials (discovered 2 exits: *Mat / [*Min]) -9/Materials -9/Mines -7/Zion (discovered 2 exits: [*Dee] / [*Pro]) -7/Deep Caves History --------- Turn | Location | Event 15 | -11/Junkyard | Discovered new exit (range 15) 280 | -11/Junkyard | Entered Materials 331 | -10/Materials | Build established: Scavenger-Mutant 371 | -10/Materials | Discovered new exit (range 16) 755 | -10/Materials | Core integrity fell below 50% 818 | -10/Materials | Lost 7 parts (1p3n3w) 853 | -10/Materials | Discovered new exit (range 16) 897 | -10/Materials | Entered another Materials area 897 | -9/Materials | Evolved 2 slots: Power x1, Utility x1 1337 | -9/Materials | Discovered new exit (range 13) 1340 | -9/Materials | Lost 5 parts (1p1n1u2w) 1341 | -9/Materials | Entered Mines 1342 | -9/Mines | A Derelict revealed a hidden shortcut to a safe place 1344 | -9/Mines | Entered Zion 1362 | -7/Zion | Given the Hacking Drone Bay 1363 | -7/Zion | Found Prototype Device 1536 | -7/Zion | Acquired unknown access codes intercepted by a Zionite 1538 | -7/Zion | Discovered new exit (range 13) 1542 | -7/Zion | Found CR-A16's Pointy Stick 1568 | -7/Zion | Gained Derelict followers 1654 | -7/Zion | Learned Factory emergency access door positions 1668 | -7/Zion | Received a hallucinogenic algorithm 1703 | -7/Zion | Loaded intel: 5 derelict terminal locations 1706 | -7/Zion | Learned Factory emergency access door positions 1765 | -7/Zion | Imprinted 1767 | -7/Zion | Declared Zion's savior 1852 | -7/Zion | Found Prototype Device 1852 | -7/Zion | Identified Phasing AFG 1898 | -7/Zion | Opened final containment barrier to the Deep Caves 1903 | -7/Zion | Discovered new exit (range 5) 1904 | -7/Zion | Saw the warning signs outside the Deep Caves entrance 1994 | -7/Zion | Entered Deep Caves 1994 | -7/Deep Caves | Accompanied by 8 allies 2067 | -7/Deep Caves | Identified Hacking Drone Bay 2145 | -7/Deep Caves | Attacked by Z-Imprinter 2146 | -7/Deep Caves | Z-Facility disabled 2158 | -7/Deep Caves | Core integrity fell below 50% 2163 | -7/Deep Caves | Core integrity fell below 20% 2166 | -7/Deep Caves | Destroyed by Z-Imprinter with Zionite Laser-M Last Messages --------------- Z-Imprinter: GET AWAY FROM HERE! I've worked too hard for our future just to have you ruin everything! 0C-64F(b) destroyed. Y9-PA4(o) is busy at the terminal. DG-XXO(o) is busy at the terminal. Z-Facility disabled. EL-788(l) sneak attacks. DG-XXO(o) destroyed. Flight Unit destroyed. EL-788(l) sneak attacks. O0-47D(o) destroyed. Mni. Grenade Launcher destroyed. Seismic Detector destroyed. EL-788(l) sneak attacks. Mak. Power Source destroyed. EL-788(l) sneak attacks. H7-JZO(o) destroyed. Acquired Hover Unit. EL-788(l) sneak attacks. Y9-PA4(o) destroyed. Map ----- +----------------------------------------------------+ | ????????????????????????? ??????????????????????? | | ???????????????????????? ?????##?????????????? | | ???????????????????????? ##?### #??????######? | | ???????????????????????? ## # ????### ## | | ??????????????????????? ##### # | | ??????????????????????? # | | ?????????????????????? # | | ?????????????????????? ## | | ?????????????????????? #? | | ???????????????????????"" ## | | ???????????????????????"" # | | ???????????????????????"" | | ???????????????????????"" | | ?????????????????????? | | ??????????????????????""" | | ?????????????????"""""""" # | | ?????????????????"""""""" ## | | ?????????????????"""""""" #? | | ?????????????????""" " " ## | | ?????????????????""""%=% # | | ?????????????????""" =l I # | | ?????????????????""""%* # | | ??????????????????""" ## | | ??????????????????""""" !/ ## | | ??????????????""""""""" "% # | | ??????????????"""" @ # | | ??????????????"""" """ ## | | ???????????????""" """"" ##? | | ????????????????"" """"""" ##? | | ?????????????????" """"""" ## | | ???????????????""" """"""" g # | | ???????????????""" """"" g # | | ???????????????""" """ =%= ## | | ???????????????""" #? | | ???????????????"""""""""" ! ## | | ??????????????""""""""" # | | ?????????? # | | ?????????? | | ?????????? | | ?????????? | | ??????????? | | ??????????? | | ??????????? ##### | | ??????????? ####???### #### | | ???????????? #?????????######??## | | ???????????? ####????????????????????# ## | | ?????????????########?????????????????????????###? | | ?????????????????????????????????????????????????? | | | | | +----------------------------------------------------+ Best States ------------- Heat Dissipation 28 Energy Generation 15 Energy Capacity 250 Matter Stores 300 Matter Capacity 300 Sight Range 18 Terrain Scan Density 10 Core Shielding 20 Evasion (%) 62 Item Schematics ----------------- None Robot Schematics ------------------ None Fabricated ------------ Nothing Alien Tech Used ----------------- None Achievements -------------- None Challenges ------------ None Game ------ Seed ImprinterMicroShearcannon Manual? 0 Play Time 00:56:23 Cumulative 66.0 hours Start 2023.11.02 @ 13:05:17 End 2023.11.02 @ 14:01:49 Sessions 1 Manual Loads 0 Difficulty Rogue Special Mode None Game No. 35 Rogue 29 Adventurer 6 Explorer 0 Win Type - Total 0 Types 0/0/0/0/0/0/0/0/0 Lore% 37 Gallery% 40 Achievement% 33 Wizard Run 0 Options --------- ASCII 0 Keyboard 0 Movement Arrows Keybinds 0 Fullscreen 1 Font 24/Smallcaps Map View 76x50 Tactical HUD 0 Map Filters NONE Filters NONE Steam 0 RUN: af887232-812b-4e44-bf6f-de1a46bc55e3